 Dungeon Crawl Stone Soup version 0.25-b1-29-g4cfa5c7bda (webtiles) character file.

Game seed: 8060965991412027604, levelgen mode: deterministic

78 Curus the Cudgeler (level 4, -1/39 HPs)
             Began as a Minotaur Fighter on June 3, 2020.
             Succumbed to a goblin's poison
             ... on level 2 of the Dungeon.
             The game lasted 00:06:41 (876 turns).

Curus the Cudgeler (Minotaur Fighter)                Turns: 876, Time: 00:06:41

Health: -1/39      AC: 12    Str: 20 (21) XL:     4   Next: 15%
Magic:  3/3        EV:  3    Int:  4 (6)  God:
Gold:   71         SH:  9    Dex:  8 (9)  Spells: 3/3 levels left

rFire    . . .     SeeInvis .   a - +0 flail
rCold    . . .     Gourm    .   c - +0 kite shield
rNeg     . . .     Faith    .   e - +0 plate armour
rPois    .         Spirit   .   (helmet restricted)
rElec    .         Reflect  .   i - +0 cloak (curse)
rCorr    .         Harm     .   (no gloves)
MR       .....                  (no boots)
Stlth    ..........             (no amulet)
HPRegen  0.13/turn              (no ring)
MPRegen  0.08/turn              (no ring)

@: mighty, lethally poisoned (-1 -> -15)
A: retaliatory headbutt, horns 2
a: no special abilities


You were on level 2 of the Dungeon.
You were not hungry.

You visited 1 branch of the dungeon, and saw 2 of its levels.

You collected 71 gold pieces.

Inventory:

Hand Weapons
 a - a +0 flail (weapon)
Armour
 b - a +0 scale mail
 c - a +0 kite shield (worn)
 e - a +0 plate armour (worn)
 i - a cursed +0 cloak (worn)
Potions
 g - a potion of stabbing
 j - a potion of degeneration
Comestibles
 f - 5 rations
 h - 5 chunks of flesh


   Skills:
 - Level 3.6 Fighting
 + Level 5.4 Maces & Flails
 - Level 3.6 Armour
 - Level 3.6 Shields


You had 3 spell levels left.
You didn't know any spells.
Your spell library was empty.

Dungeon Overview and Level Annotations

Branches:
Dungeon (2/15)

Altars:
Yredelemnul

Annotations:
D:2 Robin


Innate Abilities, Weirdness & Mutations

You reflexively headbutt those who attack you in melee.
You have a pair of horns on your head.


Message History

The hobgoblin hits you but does no damage.
Robin says, "My army is invincible!"
Robin hits you but does no damage.
Your shield and plate armour prevent you from hitting the hobgoblin.
* * * LOW HITPOINT WARNING * * *
You feel sick. You block the hobgoblin's attack.
Robin says, "My army is invincible!"
You block Robin's attack.
You sock the hobgoblin!
You kill the hobgoblin!
* * * LOW HITPOINT WARNING * * *
You feel sick. Robin hits you but does no damage.
Robin says, "My goblins will feast on your bones."
You block Robin's attack.
* * * LOW HITPOINT WARNING * * *
You feel sick. Robin hits you but does no damage.
You see here a +0 club.
You hit Robin. You headbutt Robin.
Robin is moderately wounded.
You die...

#### ### ?.. ..#
####.### #.#
.......###.#
#.......########
###)##.........#
#)###.######.#
#@# #[# #.# #g#
#.# #.# #g# #.#
#[### #S# #.#
#...# .w# #.#
###.# ..# ..#
#.# ..# .## #.#
#..# #รท# #.#


You could see Robin, an adder, a dart slug and a hobgoblin.

Vanquished Creatures
  Terence (D:2)
  An adder (D:2)
  2 leopard geckos (D:1)
  10 goblins
  4 hobgoblins
  2 jackals (D:1)
  A ball python (D:1)
  3 bats
  3 frilled lizards
  4 kobolds (D:1)
  9 rats
40 creatures vanquished.

Notes
Turn   | Place    | Note
-------+----------+-------------------------------------------
     0 | D:1      | Curus the Minotaur Fighter began the quest for the Orb.
     0 | D:1      | Reached XP level 1. HP: 19/19 MP: 0/0
    61 | D:1      | Reached skill level 3 in Maces & Flails
    81 | D:1      | Reached XP level 2. HP: 22/26 MP: 1/1
   288 | D:1      | Reached skill level 4 in Maces & Flails
   638 | D:2      | Found a basalt altar of Yredelemnul.
   659 | D:2      | Reached XP level 3. HP: 30/31 MP: 2/2
   759 | D:2      | Noticed Terence
   775 | D:2      | Killed Terence
   775 | D:2      | Reached skill level 5 in Maces & Flails
   848 | D:2      | Noticed Robin
   852 | D:2      | Reached XP level 4. HP: 33/39 MP: 3/3
   875 | D:2      | HP: 1/39 [poisoned by a goblin]
   876 | D:2      | Succumbed to a goblin's poison

Illustrated notes

Levels and vault maps discovered:
D:1:      wander_arrival_desolate, layout_rooms, minmay_heptomino_w4
D:2:      layout_loops_ring, first_ration, yredelemnul_altar_generic,
          uniq_sigmund, uniq_terence, uniq_robin

Skill      XL: |  1  2  3 |
---------------+----------+-----
Maces & Flails | 3 4 5 |  5.4
Fighting       | |  3.6
Armour         | |  3.6
Shields        | |  3.6

Action                   |  1- 3 |  4- 6 || total
-------------------------+-------+-------++-------
Melee: Flail             |   114 |    21 ||   135
       Headbutt          |    12 |     1 ||    13
  Use: Scroll            |     3 |       ||     3
       Potion            |     3 |     1 ||     4
Armor: Plate armour      |    69 |    23 ||    92
Dodge: Dodged            |    18 |     7 ||    25
Block: Kite shield       |    62 |    12 ||    74
